Map: Acropolis LE

Players

pHARM

  • Race: Terran Terran
  • League: Platinum
  • Spawn Location: 11:00

HOSTILITY - Winner!

  • Race: Terran Terran
  • League: Platinum
  • Spawn Location: 5:00

VOD

Have the link to the VOD?

Description

Time

  • Played on: Aug. 29, 2019, 9:21 p.m.
  • Length: 32:29
Show
View Real Time Build Order
Export as new Build Order

pHARM Terran 

Build Orders: Mech 

Get SALT Encoding   

  12  0:01  SCV  
  13  0:16  Supply Depot  
  13  0:18  SCV  
  14  0:30  SCV  
  15  0:39  Barracks  
  15  0:42  SCV  
  16  0:52  Refinery  
  16  0:54  SCV  
  17  1:06  SCV  
  19  1:18  SCV  
  19  1:32  Orbital Command  
  19  1:39  Marine  
  19  1:44  Supply Depot  
  20  1:54  Bunker  
  20  1:57  Marine  
  21  2:09  Supply Depot  
  21  2:24  SCV  
  21  2:26  Command Center  
  21  2:31  Refinery  
  21  2:36  SCV  
  22  2:43  Factory  
  22  2:45  Barracks Tech Lab  
  22  2:51  SCV  
  23  3:03  SCV  
  24  3:14  Engineering Bay  
  24  3:16  SCV  
  25  3:28  SCV  
  26  3:39  Supply Depot  
  26  3:40  SCV  
  27  3:41  Orbital Command, Supply Depot  
  27  3:52  SCV  
  27  3:54  Siege Tank  
  31  4:04  SCV  
  31  4:08  SCV  
  33  4:16  SCV  
  34  4:19  Missile Turret  
  34  4:20  SCV  
  35  4:26  Missile Turret  
  35  4:29  SCV  
  36  4:32  SCV  
  40  4:38  Siege Tank  
  40  4:41  SCV  
  40  4:44  SCV  
  42  4:49  Refinery  
  42  4:51  Refinery  
  42  4:53  SCV  
  42  4:56  SCV  
  44  5:05  SCV, Factory x2  
  45  5:08  SCV  
  46  5:17  SCV  
  46  5:19  Siege Tank  
  46  5:20  SCV  
  51  5:26  Supply Depot  
  51  5:29  SCV  
  51  5:32  SCV  
  53  5:43  SCV  
  53  5:44  SCV  
  55  5:51  Missile Turret  
  55  5:55  SCV  
  55  5:56  Missile Turret  
  55  5:57  Factory Tech Lab, SCV, Factory Reactor  
  57  6:01  Hi-Sec Auto Tracking  
  57  6:09  SCV x2  
  59  6:16  Command Center  
  59  6:21  SCV  
  60  6:25  Armory  
  60  6:28  SCV  
  61  6:33  SCV  
  58  6:47  Missile Turret  
  56  6:59  Cyclone x2  
  62  7:10  Missile Turret  
  62  7:15  Missile Turret  
  56  7:32  Refinery  
  53  7:37  Cyclone  
  53  7:38  Cyclone  
  53  7:44  Armory  
  59  8:16  Factory Tech Lab  
  59  8:17  Factory Reactor  
  59  8:30  Missile Turret  
  59  8:37  Orbital Command  
  59  8:43  Refinery  
  59  8:46  SCV x2  
  61  8:48  Thor x2, Refinery  
  61  8:53  Hellbat  
  61  8:54  Hellbat  
  77  8:58  SCV x2  
  79  9:07  SCV  
  80  9:10  SCV x2  
  82  9:17  Factory  
  82  9:18  Hellbat  
  82  9:19  Command Center, SCV  
  89  9:31  SCV x2, Hellbat  
  89  9:32  Hellbat x2  
  93  10:01  Thor  
  99  10:09  Supply Depot  
  99  10:10  Supply Depot  
  99  10:12  Supply Depot  
  99  10:20  Hellbat  
  101  10:23  Factory Tech Lab  
  101  10:30  Thor  
  107  10:37  SCV x2  
  107  10:38  SCV  
  110  10:44  Thor  
  110  10:46  Thor  
  110  10:49  SCV x2, Hellbat x2  
  128  10:50  SCV  
  128  10:51  Terran Vehicle Weapons Level 1  
  128  10:55  Armory  
  129  11:01  SCV  
  130  11:07  Planetary Fortress  
  130  11:10  SCV, Supply Depot  
  130  11:11  SCV  
  132  11:12  Supply Depot  
  132  11:13  Supply Depot, Thor  
  132  11:14  SCV  
  139  11:27  SCV  
  139  11:32  SCV x2, Thor  
  148  11:34  Hellbat x2, Thor  
  148  11:39  SCV  
  154  11:55  Hellbat  
  154  11:56  Thor  
  154  12:00  SCV x3  
  154  12:01  SCV  
  161  12:12  SCV x2  
  161  12:13  SCV  
  164  12:18  Thor x2, Refinery  
  164  12:19  Hellion, Hellbat  
  164  12:20  Refinery  
  180  12:31  SCV x3  
  180  12:32  SCV  
  180  12:36  Command Center  
  184  12:41  Hellbat x2  
  188  12:48  Factory  
  188  12:52  SCV x2, Thor  
  188  12:53  SCV x2  
  188  12:57  Supply Depot  
  198  13:05  SCV  
  190  13:35  Thor  
  190  13:37  Missile Turret x3  
  190  13:40  Missile Turret  
  196  13:41  Missile Turret  
  196  13:47  Missile Turret x2  
  196  13:48  Missile Turret x2  
  184  13:51  Missile Turret x2  
  184  13:54  Thor x2  
  184  13:55  Hellbat x2  
  184  13:57  Missile Turret  
  184  14:00  Missile Turret  
  184  14:02  Missile Turret  
  149  14:16  Hellbat x2  
  153  14:18  Thor  
  159  14:25  Factory Tech Lab  
  159  14:35  Starport  
  159  14:37  Starport, Hellbat  
  161  14:52  Thor  
  161  14:54  Hellbat x2  
  161  14:55  Starport  
  161  14:59  Starport  
  130  15:21  Thor  
  132  15:32  Factory Tech Lab x2  
  132  15:35  Thor  
  130  15:52  Terran Vehicle Weapons Level 2  
  130  15:57  Armory  
  130  16:09  Factory Tech Lab x2  
  129  16:11  Factory Tech Lab  
  129  16:17  Refinery  
  129  16:18  Thor  
  135  16:25  Planetary Fortress  
  135  16:30  Starport Tech Lab  
  135  16:31  Starport Tech Lab x3  
  135  16:35  Fusion Core  
  135  16:49  Refinery  
  135  16:53  Refinery  
  135  17:01  Thor  
  141  17:13  Thor x2  
  141  17:14  Thor  
  159  17:25  Battlecruiser  
  159  17:26  Battlecruiser x3  
  183  17:33  Terran Ship Weapons Level 1  
  186  17:44  Siege Tank  
  186  17:56  Thor x2  
  198  18:04  SCV  
  198  18:05  SCV  
  200  18:09  Terran Vehicle And Ship Armor Level 1  
  149  18:28  Thor x2  
  149  18:30  Battlecruiser  
  118  18:39  Thor  
  118  18:40  Thor  
  127  18:42  Battlecruiser x2  
  134  19:11  Thor x2  
  142  19:22  Thor x2  
  147  19:40  Battlecruiser  
  153  19:52  SCV  
  154  19:53  SCV x3  
  154  19:54  Hellbat x2  
  161  20:04  SCV  
  161  20:05  SCV, Hellbat  
  165  20:10  Command Center  
  165  20:29  Thor x3  
  183  20:36  SCV x4  
  187  20:48  SCV  
  188  21:06  Battlecruiser  
  160  21:20  Thor x2  
  118  22:14  Battlecruiser x2  
  130  22:41  Refinery  
  130  23:04  Command Center  
  130  23:13  Thor x2  
  142  23:36  Terran Vehicle Weapons Level 3  
  142  23:37  Terran Ship Weapons Level 2  
  142  23:52  Thor  
  142  23:53  Thor  
  153  24:07  Thor  
  131  25:17  Supply Depot  
  131  25:18  Supply Depot  
  131  25:19  Supply Depot x4  
  131  25:20  Supply Depot x3  
  131  25:39  Sensor Tower  
  131  25:41  Supply Depot x2, Thor x2  
  131  25:42  Supply Depot x2, Thor  
  149  25:43  Supply Depot  
  149  25:44  Supply Depot  
  149  25:45  Supply Depot  
  149  25:49  Supply Depot  
  149  25:58  Thor  
  154  26:05  Refinery  
  154  26:10  Refinery  
  150  26:24  Thor  
  150  26:25  Thor  
  162  26:59  Thor  
  162  27:01  Factory Tech Lab  
  168  27:07  Thor  
  174  27:19  Fusion Core  
  174  27:29  Thor x2  
  180  28:00  Thor x2  
  159  28:41  Command Center  
  159  28:46  Thor x2  
  171  29:06  Command Center  
  171  29:30  Thor x2  
  183  30:00  Planetary Fortress  
  171  30:08  Thor  
  171  30:09  Thor  
  171  30:36  Refinery  
Show
View Real Time Build Order
Export as new Build Order

HOSTILITY Terran - Winner!

Build Orders: Gas First Reaper Expand 

Get SALT Encoding   

  12  0:01  SCV  
  13  0:13  SCV  
  14  0:17  Supply Depot  
  14  0:25  SCV  
  15  0:29  Refinery  
  15  0:38  SCV  
  16  0:45  Barracks  
  16  0:50  SCV  
  17  1:03  SCV  
  18  1:15  SCV  
  19  1:30  Command Center  
  19  1:35  Reaper  
  19  1:39  SCV  
  21  1:52  Refinery  
  21  1:53  Supply Depot  
  21  1:55  SCV  
  22  2:07  Orbital Command  
  22  2:18  Factory  
  21  2:32  Marine  
  21  2:35  SCV  
  23  2:41  Supply Depot  
  23  2:47  SCV  
  23  2:50  Orbital Command  
  24  2:59  SCV  
  24  3:03  Factory Tech Lab  
  25  3:07  Starport  
  25  3:13  SCV  
  25  3:16  SCV  
  27  3:22  Refinery  
  27  3:25  Cyclone  
  30  3:28  SCV x2  
  32  3:38  Engineering Bay  
  32  3:40  SCV  
  33  3:52  SCV  
  33  3:54  Viking  
  36  3:55  Fusion Core  
  36  3:59  Widow Mine  
  38  4:04  SCV x2  
  38  4:08  Missile Turret  
  40  4:12  Missile Turret  
  40  4:16  SCV x2  
  42  4:28  SCV  
  42  4:43  SCV  
  43  4:46  Starport Tech Lab  
  43  4:50  Siege Tank  
  43  4:52  Marine  
  47  4:55  SCV  
  47  4:58  Bunker  
  48  5:03  Neosteel Armor  
  48  5:04  Missile Turret  
  48  5:10  Marine  
  49  5:18  Supply Depot  
  49  5:20  Battlecruiser  
  55  5:23  SCV, Hellion  
  58  5:28  Supply Depot  
  58  5:29  Marine  
  58  5:34  Missile Turret  
  59  5:36  SCV  
  59  5:39  SCV  
  59  5:42  Refinery  
  61  5:45  Missile Turret  
  61  5:46  Cyclone  
  61  5:48  SCV  
  65  5:53  Armory  
  65  5:58  Armory  
  65  6:00  SCV  
  65  6:01  SCV  
  67  6:14  Command Center  
  67  6:18  Supply Depot  
  67  6:21  SCV  
  67  6:24  SCV  
  69  6:36  SCV  
  70  7:02  SCV x2  
  72  7:48  Siege Tank  
  75  7:53  Terran Vehicle And Ship Armor Level 1  
  75  7:54  Terran Vehicle Weapons Level 1  
  75  7:55  Factory  
  75  7:56  Supply Depot  
  75  7:57  Battlecruiser  
  81  8:20  Siege Tank  
  81  8:24  Missile Turret  
  84  8:33  Marine  
  85  8:35  Bunker  
  85  8:37  Bunker  
  85  8:44  Factory Tech Lab  
  85  8:45  Starport  
  85  8:48  Factory, Refinery  
  85  8:51  Marine, Hi-Sec Auto Tracking  
  85  8:53  Siege Tank, Weapon Refit  
  89  8:57  SCV  
  89  9:01  Battlecruiser  
  96  9:08  Marine, Planetary Fortress, Missile Turret  
  96  9:09  SCV  
  98  9:16  Missile Turret  
  98  9:20  Missile Turret  
  98  9:22  SCV  
  99  9:25  Hellion  
  99  9:26  Marine  
  102  9:34  Factory Tech Lab, SCV  
  103  9:40  Refinery  
  103  9:41  Supply Depot  
  103  9:46  SCV  
  103  9:47  Terran Ship Weapons Level 1  
  104  9:54  Sensor Tower  
  104  9:55  SCV  
  104  9:56  Bunker  
  104  9:58  SCV  
  104  9:59  Marine  
  107  10:02  Supply Depot  
  107  10:05  Siege Tank  
  110  10:07  SCV  
  110  10:11  SCV  
  112  10:17  Marine  
  112  10:19  SCV  
  112  10:21  Starport, Starport Tech Lab  
  114  10:31  SCV  
  114  10:33  Supply Depot  
  114  10:35  Marine  
  116  10:42  Command Center  
  116  10:43  SCV  
  116  10:44  Cyclone x2  
  116  10:46  Infernal Pre-Igniter  
  116  10:48  Supply Depot  
  123  10:53  Marine, Cyclone  
  127  10:59  Missile Turret  
  127  11:07  Missile Turret  
  127  11:10  Marine  
  128  11:12  SCV  
  128  11:16  Cyclone x2, Starport Tech Lab  
  135  11:25  Terran Vehicle Weapons Level 2, Supply Depot  
  137  11:26  Hellion  
  137  11:28  Marine  
  138  11:37  Refinery  
  138  11:41  Terran Vehicle And Ship Armor Level 2  
  140  11:47  Hellion  
  140  11:48  Cyclone, Hellion  
  145  11:54  Missile Turret  
  145  12:07  Hellion  
  145  12:08  Cyclone  
  148  12:09  Cyclone  
  148  12:12  Battlecruiser  
  148  12:13  Battlecruiser  
  163  12:20  Cyclone  
  166  12:40  Cyclone  
  166  12:42  Hellbat  
  171  12:46  Planetary Fortress  
  171  12:52  Hellbat  
  173  13:03  Hellbat  
  169  13:13  Hellbat  
  169  13:14  Hellbat  
  157  13:32  Siege Tank  
  157  13:34  Siege Tank  
  163  13:35  Siege Tank, Battlecruiser x2  
  175  14:08  Siege Tank x2  
  173  14:12  Mag-Field Accelerator  
  173  14:19  Terran Vehicle Weapons Level 3  
  173  14:22  Terran Ship Weapons Level 2  
  173  14:41  Command Center  
  173  14:45  Refinery  
  173  14:47  Supply Depot  
  173  15:09  Cyclone, Siege Tank  
  173  15:11  Supply Depot  
  179  15:18  Cyclone  
  176  15:34  Supply Depot  
  170  15:41  Cyclone x2  
  164  15:49  Thor  
  158  15:55  Refinery  
  164  16:01  Supply Depot  
  164  16:13  Thor x2  
  176  16:18  Planetary Fortress  
  176  16:21  Missile Turret  
  176  16:24  Missile Turret  
  176  16:32  SCV, Thor  
  177  16:38  Terran Vehicle And Ship Armor Level 3  
  183  16:44  SCV  
  184  16:55  Thor  
  184  16:56  Cyclone, Terran Ship Weapons Level 3  
  196  17:15  Cyclone  
  196  17:26  Command Center  
  196  17:28  Hellbat  
  198  17:39  Hellbat  
  200  17:47  Refinery  
  200  17:50  Refinery  
  200  17:58  Missile Turret  
  200  18:18  Missile Turret  
  147  18:38  Missile Turret  
  147  18:45  Cyclone x3  
  144  18:58  Missile Turret  
  144  19:17  Cyclone x2, Thor  
  144  19:18  Missile Turret  
  150  19:42  Battlecruiser x3  
  162  19:49  Thor x2  
  174  20:00  Planetary Fortress  
  174  20:01  Hellbat  
  174  20:03  Missile Turret  
  176  20:22  Hellbat  
  178  20:32  Cyclone, Hellbat  
  183  20:36  Refinery  
  183  20:37  Command Center  
  183  20:40  Refinery  
  183  20:43  Cyclone  
  186  20:53  Factory  
  186  20:54  Cyclone  
  186  21:04  Cyclone  
  171  21:15  Cyclone  
  162  21:26  Cyclone  
  163  21:37  Cyclone  
  137  21:47  Cyclone, Battlecruiser  
  140  21:58  Cyclone  
  134  22:04  Factory Tech Lab  
  134  22:09  Cyclone  
  137  22:19  Cyclone, Battlecruiser  
  146  22:23  Missile Turret  
  147  22:30  Thor  
  153  22:38  Planetary Fortress  
  153  22:41  Hellbat  
  154  22:45  Thor  
  160  22:52  Hellbat  
  162  23:02  Thor  
  162  23:05  Battlecruiser  
  174  23:12  Thor  
  174  23:13  Cyclone  
  183  23:27  Battlecruiser  
  183  23:28  Starport, Thor  
  195  23:45  Siege Tank, Hellbat  
  190  23:56  Hellbat  
  176  24:10  Command Center  
  176  24:12  Hellbat  
  176  24:17  Hellbat x2  
  180  24:31  Thor  
  186  24:33  Siege Tank  
  186  24:38  Thor x2  
  159  25:04  Thor  
  165  25:14  Cyclone  
  168  25:21  Cyclone x2  
  168  25:25  Refinery, Battlecruiser  
  180  25:39  Starport Tech Lab  
  180  25:46  Cyclone  
  180  25:48  Cyclone  
  186  25:53  Hellbat  
  186  25:54  Hellbat  
  190  26:03  Command Center  
  177  26:15  Hellion x2  
  162  26:18  Hellion  
  162  26:19  Thor  
  168  26:28  Orbital Command  
  168  26:36  Thor x2  
  168  26:38  Battlecruiser  
  168  26:39  Thor  
  191  26:58  Battlecruiser  
  197  27:03  Hellbat  
  199  27:18  Missile Turret  
  198  27:22  Hellbat  
  198  27:24  Hellbat  
  197  27:33  Missile Turret  
  197  27:34  Missile Turret  
  197  27:35  Missile Turret  
  197  27:39  Missile Turret  
  197  27:44  Hellbat  
  150  28:32  Battlecruiser x2  
  150  28:33  Battlecruiser x2  
  156  28:54  Refinery  
  156  28:55  Command Center  
  156  29:00  Command Center, Refinery  
  143  29:36  Refinery  
  143  29:37  Battlecruiser x2  
  143  29:38  Hellbat x4  
  161  29:45  Command Center  
  155  29:59  Hellbat x2  
  159  30:00  Hellbat x2  
  159  30:01  Command Center  
  148  30:21  Hellbat x4  
  123  30:34  Refinery  
  115  30:42  Hellbat x4  
  106  31:03  Hellbat  
  106  31:04  Hellbat x3  
  102  31:16  Refinery  
  100  31:25  Hellbat  
  101  31:26  Hellbat x2  
  101  31:28  Hellbat  
  92  31:47  Hellbat  
  92  31:48  Hellbat  
  92  31:49  Hellbat  
Tags
 
Composition
Mech
Matchup
TvT
Race
Terran
Replay Pack
10.7.19
Spawn Locations
Cross Positions
Add a new tag
Caveats
  • Supply blocks, unpowered buildings, or Contaminate may cause inaccurate times.
  • Supply counts are checked every 10 seconds.